AoeStats
← aleix.car

Glade

510335636Analyzed
1v1 RM · 2d ago on Sep 30, 2026· 29m 57s· 2 players
Game mode
Random Map
Map size
Tiny (2 player)
Population
200
Speed
Normal
Resources
Standard
Victory
Conquest
Starting age
Dark Age
Ending age
Imperial Age
RankedLock teamsTeams togetherTeam positionsShared explorationLock speedFull tech treeHidden civsTurbo modeCheats
Victory
Defeat
🇪🇸 Bulgarians · Spain
953
+17
🇨🇴 Inca · Colombia
973
-17
aleix.car
12:30 Feudal Age
10:56 Loom
13:53 Loom
14:48 Forging
14:39 Scale Mail Armor
19:07 Castle Age
18:05 Double-Bit Axe
20:33 Iron Casting
22:15 Gambesons
22:31 Fletching
25:27 Gold Mining
25:28 Stone Mining
28:52 Wheelbarrow
31:13 Imperial Age
29:26 Gambesons
Shaka
4:01 Loom
5:02 Loom
10:22 Feudal Age
11:16 Double-Bit Axe
11:20 Town Watch
11:04 Champi Runner
14:12 Arson
17:20 Forging
17:11 Scale Mail Armor
17:18 Horse Collar
17:34 Gold Mining
26:25 Castle Age
24:48 Padded Archer Armor
25:10 Stone Mining
27:51 Wheelbarrow
27:43 Town Patrol
27:56 Bow Saw
27:36 Champi Warrior
28:17 Squires
29:34 Chain Mail Armor
29:10 Fletching
29:58 Hand Cart
29:46 Heavy Plow
29:15 Crossbowman
Connection lost

Rejoining the realm…

Still unreachable

The connection could not be restored.

Session expired

The server has moved on; the page needs a fresh start.